 Dungeon Crawl Stone Soup version 0.31-a0-167-g1c394c0614 (webtiles) character file.

Game seed: 16926298959547561923

98 qw the Shooter (level 4, -3/28 HPs)
             Began as a Gargoyle Hunter on June 14, 2023.
             Slain by an ice beast (12 damage)
             ... on level 3 of the Dungeon.
             The game lasted 00:00:42 (1380 turns).

qw the Shooter (Gargoyle Hunter)                    Turns: 1380, Time: 00:00:42

Health: -3/28      AC:  8    Str: 15    XL:     4   Next: 71%
Magic:  4/4        EV: 11    Int:  9    God:
Gold:   234        SH:  0    Dex: 15    Spells: 3/3 levels left

rFire   . . .        Y - +0 shortbow
rCold   . . .        (shield currently unavailable)
rNeg    + . .        f - +0 ring mail
rPois   inf          (no helmet)
rElec   +            (no cloak)
rCorr   .            (no gloves)
SInv    .            (no boots)
Will    .....        (no amulet)
Stlth   +            (no ring)
HPRegen 0.24/turn    (no ring)
MPRegen 0.09/turn

%: no passive effects
@: no status effects
A: sickness immunity, AC +3, negative energy resistance 1, electricity
resistance, torment resistance 1, petrification resistance
a: no special abilities


You were on level 3 of the Dungeon.
You visited 1 branch of the dungeon, and saw 3 of its levels.

You collected 234 gold pieces.


Innate Abilities, Weirdness & Mutations

You are immune to sickness and miasma.
Your stone body is resilient. (AC +3)
You are immune to poison.
You resist negative energy. (rN+)
You are resistant to electric shocks. (rElec)
You are resistant to unholy torment.
You are immune to petrification.


   Skills:
 - Level 3.6 Fighting
 + Level 5.1 Ranged Weapons
 - Level 1.0 Armour
 - Level 1.5 Dodging
 - Level 1.1 Stealth


You had 3 spell levels left.
You didn't know any spells.
Your spell library was empty.

Inventory:

Hand Weapons
 Y - a +0 shortbow (weapon)
Armour
 f - a +0 ring mail (worn)
Scrolls
 a - a scroll of identify
 g - 3 scrolls of silence {unknown}
 j - a scroll of revelation {unknown}
Potions
 b - a potion of resistance
 c - a potion of mutation {unknown}
 d - a potion of cancellation
 e - a potion of heal wounds {unknown}
 h - a potion of attraction
 i - a potion of brilliance {unknown}

Dungeon Overview and Level Annotations

Branches:
Dungeon (3/15)

Altars:


Message History

Enter note:
Enter note:
Enter note:
Enter note:
Enter note: You shoot an arrow.
The arrow hits the endoplasm.
The endoplasm quivers.
The endoplasm is moderately wounded.
An ice beast comes into view.
Enter note:
Enter note:
Enter note:
Enter note:
Enter note:
Enter note: You shoot an arrow.
The arrow hits the endoplasm.
The endoplasm is almost dead.
You shoot an arrow. The arrow hits the endoplasm.
You kill the endoplasm!
Your Armour skill increases to level 1!
You shoot an arrow.
The arrow hits the ice beast but does no damage.
You shoot an arrow. The arrow hits the ice beast.
The ice beast is lightly wounded.
You shoot an arrow. The arrow hits the ice beast.
The ice beast is lightly wounded.
The ice beast hits you but does no damage.
You shoot an arrow. The arrow barely misses the ice beast.
The ice beast hits you but does no damage.
You shoot an arrow. The arrow hits the ice beast.
The ice beast is moderately wounded.
The ice beast hits you. The ice beast freezes you!
You shoot an arrow. The arrow hits the ice beast!
The ice beast is heavily wounded.
The ice beast closely misses you. The ice beast hits you.
The ice beast freezes you.
You shoot an arrow. The arrow hits the ice beast.
The ice beast is severely wounded.
The ice beast hits you. The ice beast freezes you!
You die...

####.. ..........### .....
........>.........###..#
.............# #......#
##..#.........# #...|
#......?....... ##..#
#.....#......# #..#
#.#...#$Y....# . #..#
#.#...#@.....# ...###..#
#.......................
####.......................
###........#..#...#....###...
#..........#_.#.!.#..........
###....###.#..#...# #....###.
#.................#.#...#..
#..........##..$###.##..#..
#..........# .# #...#.....


You could see an ice beast.

Vanquished Creatures
  An orc priest (D:2)
  An adder (D:2)
  2 orcs (D:2)
  3 ball pythons
  7 bats
  8 endoplasms
  4 giant cockroaches
  5 goblins
  5 hobgoblins (D:1)
  4 kobolds
  2 quokkas
  2 frilled lizards (D:1)
  11 rats
55 creatures vanquished.

Notes
Turn   | Place    | Note
-------+----------+-------------------------------------------
     0 | D:1      | qw the Gargoyle Hunter began the quest for the Orb.
     0 | D:1      | Reached XP level 1. HP: 12/12 MP: 1/1
     0 | D:1      | 0 ||| qw: Version: 0.2-a-29-g1fa15c8
     0 | D:1      | 0 ||| qw: Game counter: 4965
     0 | D:1      | 0 ||| qw: Always use a shield: true
     0 | D:1      | 0 ||| qw: God list: Okawaru
     0 | D:1      | 0 ||| qw: Allow faded altars: false
     0 | D:1      | 0 ||| qw: Do Orc after D:15 true
     0 | D:1      | 0 ||| qw: Do second Lair branch before Depths: true
     0 | D:1      | 0 ||| qw: Lair rune preference: random
     0 | D:1      | 0 ||| qw: Plans: Normal, Zot:1-4, Slime:5, God:TSO, Crypt,
                  | Tomb, Abyss, Pan, Hells, Win
     0 | D:1      | 0 ||| PLANNING D:1-11
    75 | D:1      | Reached XP level 2. HP: 17/17 MP: 2/2
   408 | D:1      | Reached XP level 3. HP: 21/21 MP: 3/3
   490 | D:1      | 490 ||| READING scroll labelled LACLAL ZIUXEJOSS.
   491 | D:1      | 491 ||| READING scroll labelled CUGEPT TEIDU.
   492 | D:1      | 492 ||| DRINKING 2 pink potions.
   493 | D:1      | 493 ||| DRINKING 2 fuming coppery potions.
   494 | D:1      | 494 ||| DROPPING scroll of butterflies.
   523 | D:2      | Reached skill level 5 in Ranged Weapons
  1061 | D:2      | 1061 ||| READING 3 scrolls labelled OTTEME XUICA.
  1062 | D:2      | 1062 ||| READING scroll labelled ZURCHOU WARIC.
  1063 | D:2      | 1063 ||| READING 2 scrolls of identify.
  1063 | D:2      | 1063 ||| IDENTIFYING murky emerald potion
  1108 | D:3      | 1108 ||| PLANNING SEWER
  1113 | D:3      | 1113 ||| STAIRDANCE
  1116 | D:2      | Reached skill level 3 in Fighting
  1116 | D:2      | Reached XP level 4. HP: 19/28 MP: 4/4
  1181 | D:2      | 1181 ||| UPGRADING to +0 ring mail.
  1191 | D:2      | 1191 ||| DROPPING +0 leather armour.
  1348 | D:3      | Found a faded altar of an unknown god.
  1371 | D:3      | Noticed an ice beast
  1374 | D:3      | Reached skill level 1 in Armour
  1380 | D:3      | Slain by an ice beast

Levels and vault maps discovered:
D:1:      lemuel_arrival_broad_hall, layout_rooms, nrook_loot_triangle
D:2:      layout_basic, serial_bayou_pond_b
D:3:      layout_rooms, hellmonk_ecumenical_altar_lost_god,
          gup_sewer_entry_bubbles, kennysheep_generic_room_14, uniq_grinder

Skill      XL: |  1  2  3  4 |
---------------+-------------+-----
Ranged Weapons | 5 |  5.1
Fighting       | 3 |  3.6
Armour         | 1 |  1.0
Dodging        | |  1.5
Stealth        | |  1.1

Action                     |  1- 3 |  4- 6 || total
---------------------------+-------+-------++-------
   Fire: Shortbow          |   107 |    60 ||   167
    Use: Scroll            |     5 |       ||     5
         Potion            |     2 |       ||     2
 Armour: Leather armour    |    24 |    11 ||    35
         Ring mail         |       |    10 ||    10
  Dodge: Dodged            |    31 |    21 ||    52

Table legend:
 A = Non-vault XP
 B = Vault XP
 C = Vault XP percentage of total XP
 D = Non-vault monster count
 E = Vault monster count
 F = Vault count percentage of total count
                 A         B        C        D         E       F
            +---------+---------+-------+---------+---------+-------
      Total |     131 |      10 |   7.1 |      48 |       7 |  12.7
            +---------+---------+-------+---------+---------+-------
        D:1 |      38 |       0 |   0.0 |      24 |       0 |   0.0
        D:2 |      77 |       9 |  10.5 |      14 |       6 |  30.0
        D:3 |      16 |       1 |   5.9 |      10 |       1 |   9.1
            +---------+---------+-------+---------+---------+-------
